| TOP OF THE 1ST |
|
Greeneville Astros batting - Pitching for Pulaski Yankees : LHP Sergio Huerta
|
|
Pitching: LHP Sergio Huerta
|
|
|
Batting: RHB Jason Monico
|
0-0: Foul Ball, location: 2F 0-1: Foul Ball, location: 2F 0-2: Ball 1-2: Ball 2-2: Ground out 1-3 (Groundball, 15S, EV 70.6 MPH)
|
|
Batting: RHB Jarno van Lente
|
0-0: Called Strike 0-1: Ball 1-1: Foul Ball, location: 2F 1-2: Foul Ball, location: 2F 1-2: Ball 2-2: Ball 3-2: Fly out, F8 (Flyball, 8LM, EV 93.8 MPH)
|
|
Batting: RHB Hugo Priego
|
0-0: Ground out 5-3 (Groundball, 56S, EV 75.0 MPH)
|
| Top of the 1st over - 0 runs, 0 hits, 0 errors, 0 left on base; Greeneville 0 - Pulaski 0 |
| BOTTOM OF THE 1ST |
|
Pulaski Yankees batting - Pitching for Greeneville Astros : RHP James Browning
|
|
Pitching: RHP James Browning
|
|
|
Batting: RHB Ken Stair
|
0-0: Swinging Strike 0-1: Swinging Strike 0-2: Foul Ball, location: 2F 0-2: Ball 1-2: Strikes out looking
|
|
Batting: LHB Justin Short
|
0-0: Ball 1-0: Called Strike 1-1: Swinging Strike 1-2: Strikes out swinging
|
|
Batting: LHB Carlos Palau
|
0-0: Called Strike 0-1: Ball 1-1: Ball 2-1: Foul Ball, location: 2F 2-2: Strikes out swinging
|
| Bottom of the 1st over - 0 runs, 0 hits, 0 errors, 0 left on base; Greeneville 0 - Pulaski 0 |
| TOP OF THE 2ND |
|
Greeneville Astros batting - Pitching for Pulaski Yankees : LHP Sergio Huerta
|
|
Batting: RHB Areda Obote
|
0-0: Foul Ball, location: 2F 0-1: Ball 1-1: Called Strike 1-2: Ball 2-2: Ball 3-2: Foul Ball, location: 2F 3-2: Base on Balls
|
|
Batting: RHB John Moore
|
0-0: Called Strike 0-1: Called Strike Areda Obote steals 2nd base 0-2: Fly out, F8 (Flyball, 8LD, EV 105.6 MPH)
|
|
Batting: RHB Keith Goodwin
|
0-0: Fly out, F7 (Flyball, 7S, EV 80.0 MPH)
|
|
Batting: RHB Roger Pelley
|
0-0: Foul Ball, location: 2F 0-1: Ball 1-1: Ball 2-1: Foul Ball, location: 2F 2-2: Ground out U3 (Groundball, 34, EV 108.1 MPH)
|
| Top of the 2nd over - 0 runs, 0 hits, 0 errors, 1 left on base; Greeneville 0 - Pulaski 0 |
| BOTTOM OF THE 2ND |
|
Pulaski Yankees batting - Pitching for Greeneville Astros : RHP James Browning
|
|
Batting: RHB Yasuoka Tsuda
|
0-0: Foul Ball, location: 2F 0-1: Called Strike 0-2: Strikes out swinging
|
|
Batting: RHB Michael Patterson
|
0-0: Called Strike 0-1: Foul Ball, location: 2F 0-2: SOLO HOME RUN (Line Drive, 9D, EV 99.4 MPH), Distance : 383 ft
|
|
Batting: SHB Dylan Best
|
0-0: Ball 1-0: Foul Ball, location: 2F 1-1: Ball 2-1: DOUBLE (Line Drive, 8LXD, EV 101.9 MPH)
|
|
Batting: RHB Paul Ngumi
|
0-0: Ball 1-0: Foul Ball, location: 2F 1-1: Ball 2-1: Ball 3-1: Ground out 6-3 (Groundball, 4M, EV 84.4 MPH) Dylan Best to third
|
|
Batting: RHB Edwin Sierra
|
0-0: Called Strike 0-1: Ball 1-1: Fly out, F9 (Flyball, 9LM, EV 72.5 MPH)
|
| Bottom of the 2nd over - 1 run, 2 hits, 0 errors, 1 left on base; Greeneville 0 - Pulaski 1 |
| TOP OF THE 3RD |
|
Greeneville Astros batting - Pitching for Pulaski Yankees : LHP Sergio Huerta
|
|
Batting: LHB Guadalupe Gonzalez
|
0-0: Called Strike 0-1: Ball 1-1: Called Strike 1-2: SINGLE (Line Drive, 8LS, EV 105.0 MPH)
|
|
Batting: RHB Domingas Saragoa
|
0-0: Called Strike 0-1: Ball 1-1: Swinging Strike 1-2: Foul Ball, location: 2F 1-2: Strikes out swinging
|
|
Batting: RHB Jason Monico
|
0-0: Ball 1-0: Ball Guadalupe Gonzalez is caught stealing 2nd base 2-4 2-0: Ball 3-0: Called Strike 3-1: Called Strike 3-2: Strikes out looking
|
| Top of the 3rd over - 0 runs, 1 hit, 0 errors, 0 left on base; Greeneville 0 - Pulaski 1 |
| BOTTOM OF THE 3RD |
|
Pulaski Yankees batting - Pitching for Greeneville Astros : RHP James Browning
|
|
Batting: RHB Mustafa bin Gamali
|
0-0: Called Strike 0-1: Ball 1-1: Swinging Strike 1-2: Strikes out swinging
|
|
Batting: RHB Ken Stair
|
0-0: Foul Ball, location: 2F 0-1: Ball 1-1: Foul Ball, location: 2F 1-2: Strikes out swinging
|
|
Batting: LHB Justin Short
|
0-0: Called Strike 0-1: Ball 1-1: Ball 2-1: Swinging Strike 2-2: Foul Ball, location: 2F 2-2: Fly out, F9 (Flyball, 9, EV 88.8 MPH)
|
| Bottom of the 3rd over - 0 runs, 0 hits, 0 errors, 0 left on base; Greeneville 0 - Pulaski 1 |
| TOP OF THE 4TH |
|
Greeneville Astros batting - Pitching for Pulaski Yankees : LHP Sergio Huerta
|
|
Batting: RHB Jarno van Lente
|
0-0: Called Strike 0-1: Called Strike 0-2: Ball 1-2: Ball 2-2: Ball 3-2: Base on Balls
|
|
Batting: RHB Hugo Priego
|
0-0: Ball Jarno van Lente steals 2nd base 1-0: Ball 2-0: Ball 3-0: Base on Balls
|
|
Batting: RHB Areda Obote
|
0-0: Foul Ball, location: 2F 0-1: Ball 1-1: 3-RUN HOME RUN (Flyball, 7D, EV 98.8 MPH), Distance : 383 ft
|
|
Batting: RHB John Moore
|
0-0: Ground out 5-3 (Groundball, 56, EV 103.8 MPH)
|
|
Batting: RHB Keith Goodwin
|
0-0: Called Strike 0-1: Foul Ball, location: 2F 0-2: Ball 1-2: Ground out 4-3 (Groundball, 4, EV 99.4 MPH)
|
|
Batting: RHB Roger Pelley
|
0-0: Called Strike 0-1: Foul Ball, location: 2F 0-2: Strikes out swinging
|
| Top of the 4th over - 3 runs, 1 hit, 0 errors, 0 left on base; Greeneville 3 - Pulaski 1 |
| BOTTOM OF THE 4TH |
|
Pulaski Yankees batting - Pitching for Greeneville Astros : RHP James Browning
|
|
Batting: LHB Carlos Palau
|
0-0: Called Strike 0-1: Foul Ball, location: 2F 0-2: Strikes out swinging
|
|
Batting: RHB Yasuoka Tsuda
|
0-0: Ball 1-0: Foul Ball, location: 2F 1-1: Called Strike 1-2: Foul Ball, location: 2F 1-2: Ball 2-2: Fly out, F7 (Flyball, 7S, EV 91.2 MPH)
|
|
Batting: RHB Michael Patterson
|
0-0: Swinging Strike 0-1: TRIPLE (Line Drive, 9LD, EV 101.2 MPH)
|
|
Batting: SHB Dylan Best
|
0-0: Ball 1-0: Ball 2-0: Foul Ball, location: 2F 2-1: Ball 3-1: Foul Ball, location: 2F 3-2: Foul Ball, location: 2F 3-2: Ground out 4-3 (Groundball, 4, EV 94.4 MPH)
|
| Bottom of the 4th over - 0 runs, 1 hit, 0 errors, 1 left on base; Greeneville 3 - Pulaski 1 |
| TOP OF THE 5TH |
|
Greeneville Astros batting - Pitching for Pulaski Yankees : LHP Sergio Huerta
|
|
Batting: LHB Guadalupe Gonzalez
|
0-0: Foul Ball, location: 2F 0-1: Called Strike 0-2: Ball 1-2: Foul Ball, location: 2F 1-2: Strikes out looking
|
|
Batting: RHB Domingas Saragoa
|
0-0: SINGLE (Line Drive, 78S, EV 103.1 MPH)
|
|
Batting: RHB Jason Monico
|
0-0: Ball 1-0: Ball 2-0: Foul Ball, location: 2F 2-1: Ball 3-1: Base on Balls Domingas Saragoa to second
|
|
Pitching: RHP Yoshida Abe
|
|
|
Batting: RHB Jarno van Lente
|
0-0: Ball 1-0: Ball 2-0: Called Strike 2-1: Ball 3-1: Base on Balls Domingas Saragoa to third Jason Monico to second
|
|
Batting: RHB Hugo Priego
|
0-0: Ball 1-0: Ball 2-0: Ball 3-0: Foul Ball, location: 2F 3-1: Base on Balls Domingas Saragoa scores Jason Monico to third Jarno van Lente to second
|
|
Batting: RHB Areda Obote
|
0-0: Ball 1-0: Ball 2-0: Called Strike 2-1: Ball 3-1: Base on Balls Jason Monico scores Jarno van Lente to third Hugo Priego to second
|
|
Batting: RHB John Moore
|
0-0: Called Strike 0-1: Ball 1-1: Swinging Strike 1-2: Ball 2-2: Strikes out swinging
|
|
Batting: RHB Keith Goodwin
|
0-0: Ball 1-0: Ball 2-0: Called Strike 2-1: Foul Ball, location: 2F 2-2: Strikes out swinging
|
| Top of the 5th over - 2 runs, 1 hit, 0 errors, 3 left on base; Greeneville 5 - Pulaski 1 |
| BOTTOM OF THE 5TH |
|
Pulaski Yankees batting - Pitching for Greeneville Astros : RHP James Browning
|
|
Batting: RHB Paul Ngumi
|
0-0: Ball 1-0: Foul Ball, location: 2F 1-1: Foul Ball, location: 2F 1-2: Foul Ball, location: 2F 1-2: Strikes out swinging
|
|
Pitching: RHP Ernie Bell
|
|
|
Batting: RHB Edwin Sierra
|
0-0: Called Strike 0-1: Called Strike 0-2: Ball 1-2: Ball 2-2: SOLO HOME RUN (Flyball, 7D, EV 95.6 MPH), Distance : 374 ft
|
|
Batting: RHB Mustafa bin Gamali
|
0-0: Ball 1-0: Called Strike 1-1: Fly out, F8 (Line Drive, 8LD, EV 91.9 MPH)
|
|
Batting: RHB Ken Stair
|
0-0: Ball 1-0: Swinging Strike 1-1: Foul Ball, location: 2F 1-2: Strikes out swinging
|
| Bottom of the 5th over - 1 run, 1 hit, 0 errors, 0 left on base; Greeneville 5 - Pulaski 2 |
| TOP OF THE 6TH |
|
Greeneville Astros batting - Pitching for Pulaski Yankees : RHP Yoshida Abe
|
|
Batting: RHB Roger Pelley
|
0-0: Called Strike 0-1: Foul Ball, location: 2F 0-2: Strikes out swinging
|
|
Batting: LHB Guadalupe Gonzalez
|
0-0: Called Strike 0-1: Called Strike 0-2: Foul Ball, location: 2F 0-2: Strikes out swinging, 2-3 out at first.
|
|
Batting: RHB Domingas Saragoa
|
0-0: Ball 1-0: Ball 2-0: Called Strike 2-1: Called Strike 2-2: Strikes out swinging
|
| Top of the 6th over - 0 runs, 0 hits, 0 errors, 0 left on base; Greeneville 5 - Pulaski 2 |
| BOTTOM OF THE 6TH |
|
Pulaski Yankees batting - Pitching for Greeneville Astros : RHP Ernie Bell
|
|
Batting: LHB Justin Short
|
0-0: Called Strike 0-1: Ball 1-1: Ball 2-1: Ball 3-1: Foul Ball, location: 2F 3-2: Strikes out swinging
|
|
Batting: LHB Carlos Palau
|
0-0: Called Strike 0-1: Ball 1-1: Swinging Strike 1-2: Fly out, F8 (Flyball, 8LM, EV 88.1 MPH)
|
|
Batting: RHB Yasuoka Tsuda
|
0-0: Foul Ball, location: 2F 0-1: Swinging Strike 0-2: Foul Ball, location: 2F 0-2: Ball 1-2: Foul Ball, location: 2F 1-2: Strikes out swinging
|
| Bottom of the 6th over - 0 runs, 0 hits, 0 errors, 0 left on base; Greeneville 5 - Pulaski 2 |
| TOP OF THE 7TH |
|
Greeneville Astros batting - Pitching for Pulaski Yankees : RHP Yoshida Abe
|
|
Batting: RHB Jason Monico
|
0-0: Called Strike 0-1: Ball 1-1: Foul Ball, location: 2F 1-2: Strikes out looking
|
|
Batting: RHB Jarno van Lente
|
0-0: Ball 1-0: Ground out 6-3 (Groundball, 6, EV 110.6 MPH)
|
|
Batting: RHB Hugo Priego
|
0-0: Foul Ball, location: 2F 0-1: Ball 1-1: Ball 2-1: Foul Ball, location: 2F 2-2: Fly out, F7 (Flyball, 78M, EV 96.2 MPH)
|
| Top of the 7th over - 0 runs, 0 hits, 0 errors, 0 left on base; Greeneville 5 - Pulaski 2 |
| BOTTOM OF THE 7TH |
|
Pulaski Yankees batting - Pitching for Greeneville Astros : RHP Ernie Bell
|
|
Pitching: LHP Shane Robinson
|
|
|
Batting: RHB Michael Patterson
|
0-0: Ball 1-0: Ball 2-0: Ball 3-0: Base on Balls
|
|
Batting: SHB Dylan Best
|
0-0: Fielders Choice at 2nd, 5-4 (Groundball, 56, EV 81.9 MPH)
|
|
Batting: RHB Paul Ngumi
|
0-0: Ball 1-0: Hit by Pitch Dylan Best to second
|
|
Pinch Hitting: LHB Troy Jones
|
0-0: Ball 1-0: Ball 2-0: Called Strike 2-1: Ball 3-1: Called Strike 3-2: Base on Balls Dylan Best to third Paul Ngumi to second
|
|
Batting: RHB Mustafa bin Gamali
|
0-0: Ball 1-0: Ball 2-0: Called Strike 2-1: Foul Ball, location: 2F 2-2: Strikes out swinging
|
|
Batting: RHB Ken Stair
|
0-0: Called Strike 0-1: Foul Ball, location: 2F 0-2: Ball 1-2: Foul Ball, location: 2F 1-2: Fly out, F8 (Flyball, 8LD, EV 85.0 MPH)
|
| Bottom of the 7th over - 0 runs, 0 hits, 0 errors, 3 left on base; Greeneville 5 - Pulaski 2 |
| TOP OF THE 8TH |
|
Greeneville Astros batting - Pitching for Pulaski Yankees : RHP Yoshida Abe
|
|
Pitching: RHP Frank Medrano
|
|
|
Now at 3B: Victor Garcia
|
|
|
Batting: RHB Areda Obote
|
0-0: Ground out 6-3 (Groundball, 6, EV 96.2 MPH)
|
|
Batting: RHB John Moore
|
0-0: Foul Ball, location: 2F 0-1: Ball 1-1: Foul Ball, location: 2F 1-2: Strikes out looking
|
|
Batting: RHB Keith Goodwin
|
0-0: Ball 1-0: Ball 2-0: Ball 3-0: Base on Balls
|
|
Batting: RHB Roger Pelley
|
0-0: Called Strike 0-1: Ball Wild Pitch! Keith Goodwin to second 1-1: Foul Ball, location: 2F 1-2: Ball 2-2: SINGLE (Line Drive, 3D, EV 103.8 MPH) Keith Goodwin to third Runner from 3rd tries for Home, SAFE, throw by RF to home
|
|
Batting: LHB Guadalupe Gonzalez
|
0-0: Foul Ball, location: 2F 0-1: Ball 1-1: Foul Ball, location: 2F 1-2: Foul Ball, location: 2F 1-2: Strikes out swinging
|
| Top of the 8th over - 1 run, 1 hit, 0 errors, 1 left on base; Greeneville 6 - Pulaski 2 |
| BOTTOM OF THE 8TH |
|
Pulaski Yankees batting - Pitching for Greeneville Astros : LHP Shane Robinson
|
|
Batting: LHB Justin Short
|
0-0: Fly out, F8 (Flyball, 8RM, EV 88.1 MPH)
|
|
Batting: LHB Carlos Palau
|
0-0: Ball 1-0: Ball 2-0: Foul Ball, location: 2F 2-1: Swinging Strike 2-2: Ball 3-2: Strikes out swinging
|
|
Pitching: RHP Steve Kelly
|
|
|
Batting: RHB Yasuoka Tsuda
|
0-0: Fly out, F9 (Flyball, 9, EV 73.1 MPH)
|
| Bottom of the 8th over - 0 runs, 0 hits, 0 errors, 0 left on base; Greeneville 6 - Pulaski 2 |
| TOP OF THE 9TH |
|
Greeneville Astros batting - Pitching for Pulaski Yankees : RHP Frank Medrano
|
|
Pitching: RHP Matt Elliott
|
|
|
Batting: RHB Domingas Saragoa
|
0-0: Ball 1-0: Ball 2-0: Ball 3-0: Base on Balls
|
|
Batting: RHB Jason Monico
|
0-0: Bunted foul 0-1: Ball 1-1: Bunted foul 1-2: Ground out 5-3 (Groundball, 56, EV 101.9 MPH) Domingas Saragoa to second
|
|
Batting: RHB Jarno van Lente
|
0-0: Ball 1-0: Ball 2-0: Ball 3-0: Called Strike 3-1: Called Strike 3-2: Base on Balls
|
|
Batting: RHB Hugo Priego
|
0-0: Called Strike 0-1: Swinging Strike 0-2: Ball 1-2: Foul Ball, location: 2F 1-2: Foul Ball, location: 2F 1-2: Ball 2-2: Fly out, F8 (Flyball, 89D, EV 110.6 MPH)
|
|
Batting: RHB Areda Obote
|
0-0: Foul Ball, location: 2F 0-1: Called Strike 0-2: Ball 1-2: Foul Ball, location: 2F 1-2: Ball 2-2: Ball 3-2: Foul Ball, location: 2F 3-2: Base on Balls Domingas Saragoa to third Jarno van Lente to second
|
|
Pitching: LHP Matt Cusatis
|
|
|
Batting: RHB John Moore
|
0-0: Fly out, F8 (Line Drive, 78M, EV 93.1 MPH)
|
| Top of the 9th over - 0 runs, 0 hits, 0 errors, 3 left on base; Greeneville 6 - Pulaski 2 |
| BOTTOM OF THE 9TH |
|
Pulaski Yankees batting - Pitching for Greeneville Astros : RHP Steve Kelly
|
|
Batting: RHB Michael Patterson
|
0-0: Foul Ball, location: 2F 0-1: SINGLE (Line Drive, 89S, EV 108.8 MPH)
|
|
Batting: SHB Dylan Best
|
0-0: Ball 1-0: Swinging Strike 1-1: Foul Ball, location: 2F 1-2: Ball 2-2: Foul Ball, location: 2F 2-2: Strikes out swinging
|
|
Batting: RHB Paul Ngumi
|
0-0: Ball 1-0: Fielders Choice at 2nd, 5-4 (Groundball, 5, EV 84.4 MPH)
|
|
Pinch Hitting: LHB Chris Viehman
|
0-0: Called Strike 0-1: Called Strike 0-2: Fly out, F9 (Flyball, 9D, EV 91.2 MPH)
|
| Bottom of the 9th over - 0 runs, 1 hit, 0 errors, 1 left on base; Greeneville 6 - Pulaski 2 |
|